 Dungeon Crawl Stone Soup version 0.25.0-1-g7eea58d2a3 (webtiles) character file.

Game seed: 1038266281961922938

16 tilp the Magician (level 2, -2/13 HPs)
             Began as a Vine Stalker Wizard on June 13, 2020.
             Slain by an adder (3 damage)
             ... on level 2 of the Dungeon.
             The game lasted 00:02:26 (1109 turns).

tilp the Magician (Vine Stalker Wizard)             Turns: 1109, Time: 00:02:27

Health: -2/13      AC:  2    Str:  9    XL:     2   Next: 58%
Magic:  0/7        EV: 12    Int: 18    God:
Gold:   25         SH:  0    Dex: 12    Spells: 1/8 levels left

rFire    . . .     SeeInvis .   a - +0 club
rCold    . . .     Gourm    .   (no shield)
rNeg     . . .     Faith    .   f - +0 robe
rPois    .         Spirit   +   b - +0 hat
rElec    .         Reflect  .   (no cloak)
rCorr    .         Harm     .   (no gloves)
MR       .....                  (no boots)
Stlth    ++........             (no amulet)
HPRegen  0.04/turn              (no ring)
MPRegen  0.10/turn              (no ring)

@: very slightly contaminated, hasted, invisible, very quick
A: fangs 2, magic shield, antimagic bite, no potion heal 3, rot immunity
a: no special abilities


You were on level 2 of the Dungeon.
You were hungry.

You visited 1 branch of the dungeon, and saw 2 of its levels.

You collected 25 gold pieces.

Inventory:

Hand Weapons
 a - a +0 club (weapon)
Missiles
 i - 2 boomerangs (quivered)
 k - 13 stones
 m - 24 sling bullets
Armour
 b - a +0 hat (worn)
 f - a +0 robe (worn)
Jewellery
 l - an uncursed amulet of the acrobat {unknown}
Scrolls
 g - a scroll of teleportation {unknown}
 h - a scroll of identify {unknown}
Comestibles
 d - 2 rations
 n - 4 chunks of flesh


   Skills:
 - Level 1.7 Dodging
 - Level 2.4 Stealth
 - Level 3.7 Spellcasting
 + Level 1.6 Conjurations
 - Level 1.0 Summonings
 - Level 1.0 Translocations


You had one spell level left.
You knew the following spells:

 Your Spells              Type           Power        Failure   Level  Hunger
a - Magic Dart            Conj           #...         8%          1    None
b - Blink                 Tloc           N/A          16%         2    ##.....
c - Call Imp              Summ           #.......     16%         2    ##.....
d - Slow                  Hex            #.......     22%         2    ##.....

Your spell library contained the following spells:

 Spells                   Type           Power        Failure   Level  Hunger
 Conjure Flame            Conj/Fire      #.......     32%         3    ###....
 Mephitic Cloud           Conj/Pois/Air  #.......     36%         3    ###....


Dungeon Overview and Level Annotations

Branches:
Dungeon (1/15)

Altars:
Trog


Innate Abilities, Weirdness & Mutations

You have extremely sharp teeth.
When hurt, damage is shared between your health and your magic reserves.
Your bite disrupts and absorbs the magic of your enemies.
Potions cannot restore your health.
You are immune to rotting.


Message History

The magic dart hits the adder but does no damage.
The adder is heavily wounded.
The adder closely misses you.
It was a potion of haste.
You feel yourself speed up.
You are feeling hungry.
The adder bites you. The adder bites you but does no damage.
It was a potion of invisibility.
You fade into invisibility!
The adder misses you.
You are very lightly contaminated with residual magic.
It was a potion of curing.
Your system rejects the healing.
You feel better.
You closely miss the adder. Your bite misses the adder.
The adder is heavily wounded.
The adder bites you.
* * * LOW HITPOINT WARNING * * *
The adder barely misses you.
You barely miss the adder. Your bite misses the adder.
The adder is heavily wounded.
The adder bites you.
You die...

.#.# ...# # ##
.# . .# .# #. .#
.# # #. (# .#
#.##.##.# .#
#......†# .#
#....S[.# .#
#.#@# ## #.#.#
## # #.#.#
.##### #.##.#.#
.....# #......#
.###.# ####÷###
.# #.#########.#
.###.##........#
........########


You could see an adder.

Vanquished Creatures
  2 leopard geckos (D:1)
  A giant cockroach (D:1)
  A goblin (D:1)
  3 hobgoblins
  2 jackals (D:1)
  A bat (D:2)
  A frilled lizard (D:2)
  A kobold (D:1)
  A rat (D:1)
13 creatures vanquished.

Notes
Turn   | Place    | Note
-------+----------+-------------------------------------------
     0 | D:1      | tilp the Vine Stalker Wizard began the quest for the Orb.
     0 | D:1      | Reached XP level 1. HP: 9/9 MP: 5/5
   507 | D:1      | Reached XP level 2. HP: 8/13 MP: 2/7
   511 | D:1      | Learned a level 2 spell: Blink
   514 | D:1      | Learned a level 2 spell: Call Imp
   517 | D:1      | Learned a level 2 spell: Slow
   873 | D:1      | Found a bloodstained altar of Trog.
  1005 | D:1      | You fall into a shaft and drop 1 floor!
  1109 | D:2      | Slain by an adder

Illustrated notes

Levels and vault maps discovered:
D:1:      dpeg_arrival_shelter, layout_loops_corners, kennysheep_flooded_box,
          st_stairs_9
D:2:      layout_loops_cross, vehumet_crystals, lemuel_coloured_pillars_altar

Action                   || total
-------------------------++-------
Melee: Unarmed           ||    25
       Bite              ||     7
       Club              ||     5
 Cast: Magic Dart        ||    44
  Use: Potion            ||     3
Armor: Robe              ||    14
Dodge: Dodged            ||    52
